 Dungeon Crawl Stone Soup version 0.22-a0-445-g8c8ef71 (webtiles) character file.

912 nikopol the Magician (level 7, -7/37 HPs)
             Began as a Deep Elf Fire Elementalist on June 2, 2018.
             Mangled by a yak (9 damage)
             ... on level 4 of the Dungeon.
             The game lasted 00:14:39 (4825 turns).

nikopol the Magician (Deep Elf Fire Elementalist)   Turns: 4825, Time: 00:14:40

Health: -7/37      AC:  3    Str:  5    XL:     7   Next: 82%
Magic:  14/19      EV: 13    Int: 22    God:
Gold:   227        SH:  0    Dex: 15    Spells: 5/20 levels left

rFire    . . .     SeeInvis .   (no weapon)
rCold    . . .     Gourm    .   (no shield)
rNeg     . . .     Faith    .   a - +0 robe
rPois    .         Spirit   .   (no helmet)
rElec    .         Reflect  .   (no cloak)
rCorr    .         Harm     .   i - +0 pair of gloves
MR       .....                  (no boots)
Stlth    +++.......             (no amulet)
HPRegen  0.12/turn              (no ring)
MPRegen  0.16/turn              (no ring)

@: no status effects
A: no striking features
a: no special abilities


You were on level 4 of the Dungeon.
You were not hungry.

You visited 1 branch of the dungeon, and saw 5 of its levels.

You collected 227 gold pieces.

Inventory:

Armour
 a - a +0 robe (worn)
 i - a +0 pair of gloves (worn)
Jewellery
 g - a +5 amulet of reflection {unknown}
Wands
 r - a wand of disintegration (8)
Scrolls
 b - a scroll of blinking {unknown}
 d - 11 scrolls of identify {unknown}
 e - a scroll of magic mapping {unknown}
 h - a scroll of amnesia {unknown}
 j - 2 scrolls of enchant weapon {unknown}
 k - 2 scrolls of teleportation {unknown}
 n - a scroll of fear {unknown}
 p - 2 scrolls of enchant armour {unknown}
 s - 2 scrolls of fog {unknown}
 t - a scroll of remove curse {unknown}
Potions
 f - a potion of lignification {unknown}
 l - a potion of invisibility {unknown}
 m - a potion of brilliance {unknown}
 o - a potion of cancellation {unknown}
 u - a potion of heal wounds {unknown}
 v - a potion of degeneration {unknown}
Comestibles
 c - 7 rations
 q - 5 chunks of flesh


   Skills:
 + Level 0.5 Fighting
 + Level 3.3 Dodging
 + Level 4.0 Stealth
 + Level 7.3 Spellcasting
 + Level 4.3 Conjurations
 + Level 6.5 Fire Magic


You had 5 spell levels left.
You knew the following spells:

 Your Spells              Type           Power        Failure   Level  Hunger
a - Flame Tongue          Conj/Fire      ####.        1%          1    None
b - Throw Flame           Conj/Fire      ####..       1%          2    None
c - Conjure Flame         Conj/Fire      ####....     2%          3    None
d - Sticky Flame          Conj/Fire      ####....     9%          4    ###....
e - Fireball              Conj/Fire      ####......   24%         5    #####..

Your spell library contained the following spells:

 Spells                   Type           Power        Failure   Level  Hunger
 Inner Flame              Hex/Fire       ###.....     6%          3    None


Dungeon Overview and Level Annotations

Branches:
Dungeon (5/15)
 Temple: D:4-7

Altars:
Gozag
Nemelex Xobeh
Ru
Sif Muna
Trog
Uskayaw
Wu Jian
Xom
Yredelemnul
Zin


Message History

Confirm with . or Enter, or press ? or * to list all spells.
Aiming: Sticky Flame (safe; 9% risk of failure)
Press: ? - help, Shift-Dir - straight line, f - yak
Aim: a yak (moderately wounded)
The sticky flame hits the yak.
The yak is heavily wounded.
The yak is covered in liquid flames!
The yak burns!
The yak barely misses you. The yak gores you!
* * * LOW HITPOINT WARNING * * *
The yak gores you.
* * * LOW HITPOINT WARNING * * *
Casting: Sticky Flame (safe; 9% risk of failure)
Confirm with . or Enter, or press ? or * to list all spells.
Aiming: Flame Tongue (safe; 1% risk of failure)
Press: ? - help, Shift-Dir - straight line, f/p - yak
Aim: a yak (severely wounded, covered in liquid flames)
The flame tongue hits the yak.
The yak is severely wounded.
The yak burns!
The yak closely misses you. The yak gores you!
You die...

### #<# #.# #.#
######.# .......#
#########
.###....############
.'......'......Y@Y.#
<###....########Y#.#
.# #....# #.#.# .#
#....# #.#.# ##
####.# #####.#.#
#.####...###.#
#...##.†..##.#
#.#.......##.#
#.###.....##.#


You could see 3 yaks.

Vanquished Creatures
  2 yaks
  2 ogres (D:4)
  A phantom (D:5)
  A scorpion (D:5)
  A howler monkey (D:4)
  A hound (D:4)
  An iguana (D:5)
  2 worker ants (D:4)
  4 gnolls (D:3)
  A howler monkey skeleton (D:3)
  3 adders (D:2)
  An ooze (D:1)
  2 worms (D:4)
  2 dart slugs
  A leopard gecko (D:2)
  9 orcs
  A ball python (D:3)
  7 bats
  A giant cockroach (D:1)
  6 goblins
  7 hobgoblins
  7 jackals
  8 kobolds
  2 quokkas (D:4)
  2 frilled lizards
  28 rats
103 creatures vanquished.

Notes
Turn   | Place    | Note
-------+----------+-------------------------------------------
     0 | D:1      | nikopol the Deep Elf Fire Elementalist began the quest for the Orb.
     0 | D:1      | Reached XP level 1. HP: 10/10 MP: 6/6
    66 | D:1      | Reached XP level 2. HP: 8/15 MP: 0/8
   673 | D:1      | Reached XP level 3. HP: 19/19 MP: 3/10
   696 | D:1      | Learned a level 2 spell: Throw Flame
   700 | D:1      | Learned a level 3 spell: Conjure Flame
  1016 | D:2      | Reached skill level 4 in Spellcasting
  1718 | D:2      | Reached XP level 4. HP: 22/24 MP: 9/12
  2113 | D:3      | Noticed an angel
  2117 | D:3      | Found a glowing silver altar of Zin.
  2117 | D:3      | Found a shimmering altar of Xom.
  2341 | D:3      | Reached XP level 5. HP: 28/28 MP: 8/13
  2603 | D:3      | Noticed a dagger
  2604 | D:3      | Found a hide-covered altar of Uskayaw.
  2604 | D:3      | Noticed a dagger
  2718 | D:3      | Learned a level 4 spell: Sticky Flame
  2810 | D:3      | Found an opulent altar of Gozag.
  2815 | D:3      | Found a basalt altar of Yredelemnul.
  2822 | D:3      | Found a sacrificial altar of Ru.
  2829 | D:3      | Found a deep blue altar of Sif Muna.
  2836 | D:3      | Found a sparkling altar of Nemelex Xobeh.
  2841 | D:3      | Found an ornate altar of the Wu Jian Council.
  2852 | D:3      | Found a bloodstained altar of Trog.
  3050 | D:4      | Reached skill level 5 in Fire Magic
  3256 | D:4      | Reached skill level 5 in Spellcasting
  3652 | D:4      | Noticed an ogre
  3666 | D:4      | Killed an ogre
  3666 | D:4      | Reached XP level 6. HP: 32/32 MP: 5/16
  3962 | D:5      | Entered Level 5 of the Dungeon
  3964 | D:5      | Reached skill level 6 in Spellcasting
  4051 | D:5      | Reached XP level 7. HP: 17/36 MP: 2/18
  4165 | D:5      | Learned a level 5 spell: Fireball
  4490 | D:5      | Noticed a yak
  4496 | D:5      | Noticed a yak
  4498 | D:5      | Noticed a yak
  4500 | D:5      | Noticed a yak
  4590 | D:5      | Killed a yak
  4590 | D:5      | Reached skill level 7 in Spellcasting
  4724 | D:5      | Noticed a yak
  4733 | D:4      | Killed a yak
  4825 | D:4      | Mangled by a yak

Vault maps used:
D:1:      lightli_arrival_statue_moat, minmay_hedge_maze
D:2:      first_ration
D:3:      cheibrodos_old_hovel, grunt_temple_overflow_order_and_chaos_1,
          dancing_weapons_uskayaw, grunt_temple_overflow_octagram
D:4:      minmay_rat_hole
D:5:      uniq_pikel

Skill      XL: |  1  2  3  4  5  6  7 |
---------------+----------------------+-----
Spellcasting   | 4 5 6 7 |  7.3
Stealth        | 3 4 |  4.0
Fire Magic     | 4 5 6 |  6.5
Conjurations   | 2 3 4 |  4.3
Dodging        | 3 |  3.3
Fighting       | |  0.5

Action                   |  1- 3 |  4- 6 |  7- 9 || total
-------------------------+-------+-------+-------++-------
Melee: Unarmed           |     1 |       |     3 ||     4
 Cast: Flame Tongue      |    74 |   113 |    28 ||   215
       Throw Flame       |     1 |     3 |     4 ||     8
       Conjure Flame     |     1 |     2 |     1 ||     4
       Sticky Flame      |       |     5 |     4 ||     9
       Fireball          |       |       |     2 ||     2
  Eat: Chunk             |     2 |     8 |     3 ||    13
Armor: Robe              |     7 |     3 |     5 ||    15
Dodge: Dodged            |    15 |    15 |    18 ||    48

Table legend:
 A = Spawn XP
 B = Non-spawn XP
 C = Spawn XP percentage of total XP
 D = Spawn monster count
 E = Non-spawn monster count
 F = Spawn count percentage of total count
 G = Total turns spent on level
                    A         B        C        D         E        F      G
               +---------+---------+-------+---------+---------+-------+---------
         Total |       0 |    1303 |   0.0 |       0 |     103 |   0.0 |  4825
               +---------+---------+-------+---------+---------+-------+---------
           D:1 |       0 |      47 |   0.0 |       0 |      22 |   0.0 |  1004
           D:2 |       0 |      70 |   0.0 |       0 |      20 |   0.0 |  1002
           D:3 |       0 |      99 |   0.0 |       0 |      22 |   0.0 |  1039
           D:4 |       0 |     629 |   0.0 |       0 |      29 |   0.0 |  1295
           D:5 |       0 |     458 |   0.0 |       0 |      10 |   0.0 |   485
               +---------+---------+-------+---------+---------+-------+---------
